 Dungeon Crawl Stone Soup version 0.31.0-11-ge490571c62 (webtiles) character file.

Game seed: 13762800249521240654

66 qw the Ducker (level 3, -2/18 HPs)
             Began as a Spriggan Hunter on Feb 5, 2024.
             Slain by a sleepcap (16 damage)
             ... on level 3 of the Dungeon.
             The game lasted 00:00:38 (1934 turns).

qw the Ducker (Spriggan Hunter)                     Turns: 1934, Time: 00:00:39

Health: -2/18      AC:  2    Str:  7    XL:     3   Next: 96%
Magic:  4/4        EV:  4    Int: 10    God:
Gold:   166        SH:  0    Dex: 26    Spells: 2/2 levels left

rFire   . . .        h - +0 orcbow
rCold   . . .        (shield currently unavailable)
rNeg    . . .        c - +0 robe
rPois   .            (helmet restricted)
rElec   .            (no cloak)
rCorr   .            (gloves unavailable)
SInv    +            (boots unavailable)
Will    .....        (no amulet)
Stlth   ++           g - +6 ring of dexterity
HPRegen 0.23/turn    (no ring)
MPRegen 0.09/turn

%: no passive effects
@: sleeping, very quick
A: very small, no large weapons, unfitting armour, see invisible, speed 3
a: no special abilities


You were on level 3 of the Dungeon.
You visited 1 branch of the dungeon, and saw 3 of its levels.

You collected 166 gold pieces.


Innate Abilities, Weirdness & Mutations

You are very small and have problems with some larger weapons.
You are too small for most types of armour.
You have supernaturally acute eyesight. (SInv)
You cover ground extremely quickly. (Speed+++)


   Skills:
 - Level 1.5 Fighting
 + Level 4.5 Ranged Weapons
 - Level 5.0 Dodging
 - Level 1.5 Stealth


You had 2 spell levels left.
You didn't know any spells.
Your spell library was empty.

Inventory:

Hand Weapons
 h - a +0 orcbow (weapon)
Armour
 c - a +0 robe (worn)
Jewellery
 g - a +6 ring of dexterity (left hand)
Scrolls
 e - 3 scrolls of teleportation
Potions
 a - a potion of heal wounds {unknown}
 j - 2 potions of haste
 k - 2 potions of might

Dungeon Overview and Level Annotations

Branches:
Dungeon (3/15)

Altars:
Dithmenos


Message History

There is an open door here.
Found a chain mail.
Found a dagger.
Found an escape hatch in the ceiling.
You now have 145 gold pieces (gained 13).
An endoplasm comes into view.
Found a scroll of teleportation.
You shoot an arrow. The arrow hits the endoplasm.
You kill the endoplasm!
Found a stone staircase leading down.
e - 3 scrolls of teleportation (gained 1)
There is a stone staircase leading down here.
There is a stone staircase leading down here.
a - a fuming sapphire potion You now have 154 gold pieces (gained 9).
There is an escape hatch in the ceiling here.
You now have 166 gold pieces (gained 12).
Found a ring mail.
Found a stone staircase leading up.
Enter note: A sleepcap comes into view.
Enter note: You shoot an arrow.
The arrow hits the sleepcap but does no damage.
You shoot an arrow. The arrow hits the sleepcap.
The sleepcap is lightly damaged.
The sleepcap completely misses you.
You shoot an arrow. The arrow hits the sleepcap.
The sleepcap is lightly damaged.
The sleepcap completely misses you.
You shoot an arrow.
The arrow completely misses the sleepcap.
The sleepcap releases spores at you but does no damage.
You shoot an arrow. The arrow hits the sleepcap.
The sleepcap is lightly damaged.
The sleepcap releases spores at you.
You are engulfed in a cloud of soporific spores!
You fall asleep.
The sleepcap releases spores at you!
Ouch! That really hurt!
You die...

.#.#######.#......####
......................
.#......##.#.#.#.....#
.######.##.###.#####.#
.....##.##...........###
####.##..####...........
.###.###.####.##.#######
.....##........#.#
.#.#.##.####.###@#
.#.#.##.#......f.#
.#)#....#.####.#.#
.#.#.#..# ..<###
........# .##
........#.. ####.......
............
##############


You could see a sleepcap.

Vanquished Creatures
  An adder (D:2)
  7 endoplasms
  3 giant cockroaches
  6 goblins
  4 hobgoblins
  5 kobolds
  3 quokkas
  5 ball pythons
  7 bats
  9 frilled lizards
  5 rats
55 creatures vanquished.

Notes
Turn   | Place    | Note
-------+----------+-------------------------------------------
     0 | D:1      | qw the Spriggan Hunter began the quest for the Orb.
     0 | D:1      | Reached XP level 1. HP: 10/10 MP: 2/2
     0 | D:1      | 0 ||| qw: Version: 0.3-a-160-g6735b56
     0 | D:1      | 0 ||| qw: Game counter: 6422
     0 | D:1      | 0 ||| qw: Melee chars always use a shield: true
     0 | D:1      | 0 ||| qw: God list: Okawaru
     0 | D:1      | 0 ||| qw: Allow faded altars: false
     0 | D:1      | 0 ||| qw: Do Orc after clearing Dungeon:15 true
     0 | D:1      | 0 ||| qw: Do second Lair branch before Depths: true
     0 | D:1      | 0 ||| qw: Lair rune preference: random
     0 | D:1      | 0 ||| qw: Goals: Normal
     0 | D:1      | 0 ||| PLANNING D:1-11
    38 | D:1      | Reached skill level 3 in Dodging
    82 | D:1      | Reached XP level 2. HP: 14/14 MP: 3/3
   257 | D:1      | Reached skill level 4 in Dodging
   812 | D:1      | Reached XP level 3. HP: 18/18 MP: 4/4
   886 | D:1      | 886 ||| DROPPING ring of magical power.
   887 | D:1      | 887 ||| UPGRADING to +6 ring of dexterity.
   888 | D:1      | 888 ||| READING 3 scrolls labelled ZAFIB EPABB.
   888 | D:1      | 888 ||| IDENTIFYING fuming yellow potion
   889 | D:1      | 889 ||| READING 2 scrolls of identify.
   889 | D:1      | 889 ||| IDENTIFYING sedimented yellow potion
   890 | D:1      | 890 ||| READING scroll of identify.
   890 | D:1      | 890 ||| IDENTIFYING 2 purple potions
   891 | D:1      | 891 ||| READING 2 scrolls labelled TUSITW POYS.
   896 | D:1      | 896 ||| READING scroll labelled SYIZOCSIOT.
   897 | D:1      | 897 ||| DROPPING scroll of butterflies.
   898 | D:1      | 898 ||| DROPPING potion of ambrosia.
  1207 | D:2      | 1207 ||| SWAPPING to +0 orcbow.
  1209 | D:2      | 1209 ||| DROPPING +0 shortbow.
  1512 | D:2      | Found a shadowy altar of Dithmenos.
  1523 | D:2      | Reached skill level 5 in Dodging
  1752 | D:2      | 1752 ||| READING scroll of identify.
  1752 | D:2      | 1752 ||| IDENTIFYING scroll labelled MERODD CUDUAV
  1753 | D:2      | 1753 ||| READING scroll labelled NOREUM NAL UFUWKODGH.
  1754 | D:2      | 1754 ||| DROPPING scroll of noise.
  1934 | D:3      | Slain by a sleepcap

Levels and vault maps discovered:
D:1:      dpeg_arrival_ternary, layout_basic, minmay_unequal
D:2:      layout_basic, basic_altar, corexii_shack
D:3:      layout_basic, gammafunk_temple_overflow_elements, hellmonk_no_cap

Skill      XL: |  1  2  3 |
---------------+----------+-----
Dodging        | 3 4 5 |  5.0
Fighting       | |  1.5
Ranged Weapons | |  4.5
Stealth        | |  1.5

Action                     || total
---------------------------++-------
   Fire: Shortbow          ||   101
         Orcbow            ||    30
    Use: Scroll            ||     7
 Armour: Robe              ||    10
  Dodge: Dodged            ||    31

Table legend:
 A = Non-vault XP
 B = Vault XP
 C = Vault XP percentage of total XP
 D = Non-vault monster count
 E = Vault monster count
 F = Vault count percentage of total count
                 A         B        C        D         E       F
            +---------+---------+-------+---------+---------+-------
      Total |      90 |       5 |   5.3 |      51 |       4 |   7.3
            +---------+---------+-------+---------+---------+-------
        D:1 |      39 |       3 |   7.1 |      26 |       3 |  10.3
        D:2 |      48 |       2 |   4.0 |      23 |       1 |   4.2
        D:3 |       3 |       0 |   0.0 |       2 |       0 |   0.0
            +---------+---------+-------+---------+---------+-------
